 Dungeon Crawl Stone Soup version 0.31.0-4-g52a2dc7128 (webtiles) character file.

Game seed: 7931440681300881208

9529 GordonOverkill the Geomancer (level 11, -1/60 HPs)
             Began as a Kobold Reaver on Jan 22, 2024.
             Slain by a boulder beetle (21 damage)
             ... on level 11 of the Dungeon.
             The game lasted 00:28:15 (19125 turns).

GordonOverkill the Geomancer (Kobold Reaver)       Turns: 19125, Time: 00:28:16

Health: -1/60      AC: 10    Str:  9    XL:     11   Next: 76%
Magic:  3/23       EV: 14    Int: 18    God:
Gold:   603        SH:  0    Dex: 15    Spells: 16/26 levels left

rFire   . . .        t - +1 rapier (drain)
rCold   + . .        (no shield)
rNeg    . . .        b - +0 leather armour
rPois   +            h - +2 helmet
rElec   .            m - +0 cloak
rCorr   +            s - +1 pair of gloves
SInv    .            l - +0 pair of boots
Will    .....        (no amulet)
Stlth   ++           c - ring of resist corrosion
HPRegen 0.30/turn    a - ring of poison resistance
MPRegen 0.18/turn

%: clarity
@: no status effects
A: small, no large weapons, nightstalker 3, clarity, cold resistance 1
a: no special abilities


You were on level 11 of the Dungeon.
You visited 1 branch of the dungeon, and saw 11 of its levels.

You collected 603 gold pieces.

Inventory:

Hand Weapons
 r - a +0 short sword of speed
 t - a +1 rapier of draining (weapon)
Armour
 b - a +0 leather armour (worn)
 h - a +2 helmet (worn)
 l - a +0 pair of boots (worn)
 m - a +0 cloak (worn)
 s - a +1 pair of gloves (worn)
Magical Staves
 u - a staff of air
Jewellery
 a - a ring of poison resistance (right hand)
 c - a ring of resist corrosion (left hand)
Wands
 n - a wand of mindburst (10)
 o - a wand of flame (22)
 y - a wand of polymorph (5)
Scrolls
 e - a scroll of poison
 f - 2 scrolls of amnesia
 g - 2 scrolls of identify
 i - a scroll of noise
 k - a scroll of brand weapon
 q - a scroll of butterflies {unknown}
 w - 2 scrolls of fog {unknown}
 x - a scroll of immolation {unknown}
Potions
 d - 6 potions of curing
 j - a potion of attraction
 p - a potion of cancellation
 v - a potion of invisibility {unknown}


   Skills:
 - Level 3.0 Fighting
 - Level 4.0 Short Blades
 - Level 2.4 Dodging
 - Level 8.0 Spellcasting
 + Level 10.3 Conjurations
 - Level 6.0 Ice Magic
 - Level 11.0 Earth Magic


You had 16 spell levels left.
You knew the following spells:

 Your Spells              Type           Power      Damage    Failure   Level
a - Kiss of Death         Conj/Necr      100%       2d13      1%          1
b - Hailstorm             Conj/Ice       36%        3d9       1%          3
c - Stone Arrow           Conj/Erth      90%        3d12      1%          3
d - Passwall              Erth           46%        N/A       1%          3

Your spell library contained the following spells:

 Spells                   Type           Power      Damage    Failure   Level
 Momentum Strike          Conj/Tloc      50%        3d9       2%          2
 Ensorcelled Hibernation  Hex/Ice        36%        N/A       6%          2
 Animate Armour           Summ/Erth      54%        N/A       14%         4
 Cigotuvi's Dreadful Rot  Necr/Alch/Air  14%        N/A       21%         2
 Lesser Beckoning         Tloc           14%        N/A       21%         2
 Call Canine Familiar     Summ           7%         N/A       38%         3
 Fugue of the Fallen      Necr           7%         N/A       38%         3
 Gell's Gravitas          Tloc           7%         N/A       38%         3
 Sigil of Binding         Hex            7%         N/A       38%         3
 Swiftness                Air            7%         N/A       38%         3
 Teleport Other           Tloc           7%         N/A       38%         3
 Anguish                  Hex/Necr       3%         N/A       80%         4
 Dimensional Bullseye     Hex/Tloc       3%         N/A       80%         4
 Dispel Undead            Necr           7%         3d8       80%         4
 Martyr's Knell           Necr/Summ      7%         N/A       80%         4
 Death Channel            Necr           3%         N/A       100%        6
 Lehudib's Crystal Spear  Conj/Erth      22%        10d6      100%        8


Dungeon Overview and Level Annotations

Branches:
Dungeon (11/15)              Lair (0/5) D:11            Orc (0/2) D:10
 Temple: D:4-7

Altars:
Ashenzari
Dithmenos
Kikubaaqudgha
Makhleb
Nemelex Xobeh
Qazlal
Ru
Uskayaw
Wu Jian
The Shining One

Shops:
D:7 :

Annotations:
D:2 Ijyb
D:8 2 transporters


Innate Abilities, Weirdness & Mutations

You are small and have problems with some larger weapons.
You are completely attuned to the shadows.
You possess an exceptional clarity of mind.
Your flesh is cold resistant. (rC+)


Message History

Confirm with . or Enter, or press ? or * to list all spells.
Aiming: Stone Arrow (safe; 1% risk of failure)
Press: ? - help, Shift-Dir - straight line, f/p - boulder beetle
Aim: a boulder beetle (moderately wounded, 100% to hit)
The stone arrow hits the boulder beetle but does no damage.
The boulder beetle is moderately wounded.
The boulder beetle closely misses you.
Casting: Stone Arrow (safe; 1% risk of failure)
Confirm with . or Enter, or press ? or * to list all spells.
Aiming: Stone Arrow (safe; 1% risk of failure)
Press: ? - help, Shift-Dir - straight line, f/p - boulder beetle
Aim: a boulder beetle (moderately wounded, 100% to hit)
The stone arrow hits the boulder beetle.
The boulder beetle is moderately wounded.
The boulder beetle bites you!
Casting: Stone Arrow (safe; 1% risk of failure)
Confirm with . or Enter, or press ? or * to list all spells.
Aiming: Stone Arrow (safe; 1% risk of failure)
Press: ? - help, Shift-Dir - straight line, f/p - boulder beetle
Aim: a boulder beetle (moderately wounded, 100% to hit)
The stone arrow hits the boulder beetle!
The boulder beetle is heavily wounded.
The boulder beetle bites you!
* * * LOW HITPOINT WARNING * * *
Casting: Stone Arrow (safe; 1% risk of failure)
Confirm with . or Enter, or press ? or * to list all spells.
Aiming: Stone Arrow (safe; 1% risk of failure)
Press: ? - help, Shift-Dir - straight line, f/p - boulder beetle
Aim: a boulder beetle (heavily wounded, 100% to hit)
The stone arrow hits the boulder beetle!
The boulder beetle is severely wounded.
The boulder beetle bites you!
* * * LOW HITPOINT WARNING * * *
Okay, then.
Okay, then.
Aiming: Mindburst
Press: ? - help, Shift-Dir - straight line, f/p - boulder beetle
Aim: a boulder beetle (severely wounded, chance to affect: 47%)
The boulder beetle's mind is blasted.
The boulder beetle bites you!!
You die...

#.# #.....#
#.# #.#.###
.###.#.#
..>....# .#
####.###
..^### #.#
.....# #.#
#.#.#####.#
#.B@......#
....########
####


You could see a boulder beetle.

Vanquished Creatures
  A two-headed ogre (D:11)
  A boulder beetle (D:10)
  An ugly thing (D:11)
  Maurice (D:8)
  Grinder (D:3)
  2 hornets
  3 slime creatures (D:11)
  A shadow (D:10)
  A wraith (D:11)
  9 yaks
  Grum (D:11)
  2 steam dragons
  2 vampire mosquitoes (D:10)
  An acid dragon (D:11)
  3 orc warriors
  5 ice beasts (D:6)
  A black bear (D:4)
  7 centaurs
  4 wolves (D:11)
  3 phantoms
  A kobold brigand (D:9)
  2 bullfrogs
  3 gnoll sergeants
  3 scorpions
  3 wights (D:10)
  16 killer bees
  3 howler monkeys
  A bombardier beetle (D:4)
  4 hounds
  A jelly (D:7)
  3 orc priests
  A sleepcap (D:6)
  2 orc wizards
  Robin (D:4)
  9 adders
  20 gnolls
  A shadow imp (D:5)
  4 ufetubi (D:6)
  A dart slug (D:4)
  2 ribbon worms (D:2)
  29 orcs
  A ball python (D:2)
  4 endoplasms
  2 giant cockroaches
  25 goblins
  7 hobgoblins
  16 jackals
  7 quokkas
  2 bats
  A frilled lizard (D:1)
  13 kobolds
  2 rats
240 creatures vanquished.

Notes
Turn   | Place    | Note
-------+----------+-------------------------------------------
     0 | D:1      | GordonOverkill the Kobold Reaver began the quest for the
                  | Orb.
     0 | D:1      | Reached XP level 1. HP: 12/12 MP: 3/3
   244 | D:1      | Reached XP level 2. HP: 16/17 MP: 5/5
  1042 | D:2      | Reached XP level 3. HP: 23/23 MP: 7/7
  1236 | D:2      | Noticed Ijyb
  1417 | D:2      | Reached skill level 1 in Ice Magic
  1589 | D:2      | Reached XP level 4. HP: 18/23 MP: 6/8
  2878 | D:3      | Found an ancient bone altar of Kikubaaqudgha.
  2889 | D:3      | Reached XP level 5. HP: 20/21 MP: 9/9
  3114 | D:3      | Noticed Grinder
  3133 | D:3      | Killed Grinder
  3134 | D:3      | Reached XP level 6. HP: 12/37 MP: 10/10
  3382 | D:3      | Noticed an eye of devastation
  3383 | D:3      | Found a faded altar of an unknown god.
  3383 | D:3      | Noticed an eye of devastation
  3393 | D:3      | Noticed a shining eye
  3404 | D:3      | Noticed a golden eye
  3763 | D:3      | Noticed an ogre
  3836 | D:4      | Noticed a black bear
  3891 | D:3      | Learned a level 3 spell: Hailstorm
  4280 | D:4      | Killed a black bear
  4281 | D:4      | Reached skill level 5 in Ice Magic
  4281 | D:4      | Reached XP level 7. HP: 14/26 MP: 6/11
  4573 | D:4      | Reached skill level 5 in Conjurations
  4655 | D:4      | Found an ornate altar of the Wu Jian Council.
  5342 | D:4      | Found a hide-covered altar of Uskayaw.
  5379 | D:4      | Identified the +0 chain mail of Evolution {Dex+4}
  6029 | D:4      | Noticed Robin
  6034 | D:4      | Killed Robin
  6380 | D:5      | Entered Level 5 of the Dungeon
  6389 | D:5      | Learned a level 3 spell: Stone Arrow
  6464 | D:5      | Reached XP level 8. HP: 12/39 MP: 3/12
  6618 | D:5      | You fall into a shaft and drop 1 floor!
  6634 | D:6      | Reached skill level 1 in Earth Magic
  6643 | D:6      | Reached skill level 2 in Earth Magic
  6776 | D:6      | Gained mutation: Your flesh is cold resistant. (rC+)
                  | [potion of mutation]
  6776 | D:6      | Gained mutation: You possess an exceptional clarity of
                  | mind. [potion of mutation]
  6816 | D:6      | Reached skill level 3 in Earth Magic
  7136 | D:6      | Reached skill level 4 in Earth Magic
  7492 | D:6      | Found a glowing golden altar of the Shining One.
  7613 | D:6      | Reached skill level 5 in Earth Magic
  7908 | D:6      | Reached XP level 9. HP: 50/50 MP: 6/13
  8432 | D:6      | Reached skill level 6 in Earth Magic
  9450 | D:7      | Reached skill level 7 in Earth Magic
  9655 | D:7      | Found a burning altar of Makhleb.
  9823 | D:7      | Found Nuavecivva's Book Shoppe.
 10076 | D:8      | Noticed a hornet
 10079 | D:8      | Killed a hornet
 10331 | D:8      | Reached skill level 5 in Spellcasting
 10637 | D:8      | Found a stormy altar of Qazlal.
 10695 | D:8      | Noticed Maurice
 10703 | D:8      | Maurice stole a +0 short sword of speed
 10852 | D:8      | Found a transporter.
 10937 | D:8      | Noticed an ancient zyme
 11132 | D:8      | Killed Maurice
 11133 | D:8      | Reached skill level 8 in Earth Magic
 11133 | D:8      | Reached XP level 10. HP: 33/56 MP: 4/17
 11218 | D:8      | Learned a level 3 spell: Passwall
 11411 | D:8      | Found a sacrificial altar of Ru.
 11442 | D:8      | Found a shadowy altar of Dithmenos.
 11477 | D:8      | Found a sparkling altar of Nemelex Xobeh.
 11548 | D:8      | Found a transporter.
 12728 | D:9      | Reached skill level 9 in Earth Magic
 15357 | D:10     | Entered Level 10 of the Dungeon
 15426 | D:10     | Found a staircase to the Orcish Mines.
 15734 | D:10     | Noticed a boulder beetle
 15752 | D:10     | Killed a boulder beetle
 15753 | D:10     | Reached skill level 10 in Earth Magic
 15999 | D:10     | Reached XP level 11. HP: 51/60 MP: 7/18
 16306 | D:10     | Reached skill level 10 in Conjurations
 16923 | D:10     | Found a broken altar of Ashenzari.
 17501 | D:11     | Noticed a two-headed ogre
 17504 | D:11     | Killed a two-headed ogre
 17764 | D:11     | Noticed a green ugly thing
 18338 | D:11     | Noticed Grum
 18342 | D:11     | Killed a green ugly thing
 18344 | D:11     | Killed Grum
 18554 | D:11     | Found a staircase to the Lair.
 18652 | D:11     | Reached skill level 11 in Earth Magic
 19117 | D:11     | Noticed a boulder beetle
 19125 | D:11     | Slain by a boulder beetle

Illustrated notes

Levels and vault maps discovered:
D:1:      roderic_dead_forest, layout_rooms, serial_forest,
          infiniplex_forest_straight_3, infiniplex_forest_lined_1,
          infiniplex_forest_zigzag_1, infiniplex_forest_clump_cross,
          infiniplex_forest_3_way, infiniplex_forest_straight_2,
          infiniplex_forest_lined_3, infiniplex_forest_lined_room_,
          infiniplex_forest_straight_5, infiniplex_forest_lined_corner
D:2:      kennysheep_the_goblin_king, layout_basic
D:3:      layout_basic, nicolae_overflow_hidden_temple,
          hellmonk_ecumenical_altar_watching_god, uniq_grinder
D:4:      kennysheep_goblin_castle, layout_loops_corners,
          nicolae_uskayaw_suspiria, mainiacjoe_overflow_alcove_4
D:5:      layout_loops_ring, minmay_temple_entry_statues_pillars,
          kennysheep_generic_room_11
D:6:      layout_loops_corners, nicolae_tso_swordbearing_angel
D:7:      layout_basic, lemuel_crystal_altar, serial_shops,
          nicolae_shop_hallway_plus, minmay_tree_intersection
D:8:      layout_gridville, kennysheep_mini_moat, kennysheep_mini,
          mainiacjoe_overflow_big_doors, gammafunk_ghost_abyssal_escape,
          uniq_maurice
D:9:      layout_gridville
D:10:     layout_loops_ring, lemuel_tele_altar, orc_0_dummy,
          corexii_corridor_pit, minmay_holes
D:11:     layout_loops_corners, lair_entry_dummy, uniq_grum

Skill      XL: |  1  2  3  4  5  6  7  8  9 10 11 |
---------------+----------------------------------+-----
Fighting       | 3 |  3.0
Spellcasting   | 3 5 8 |  8.0
Ice Magic      | 1 3 4 5 6 |  6.0
Conjurations   | 4 5 6 7 9 10 | 10.3
Earth Magic    | 5 8 10 11 | 11.0
Short Blades   | |  4.0
Dodging        | |  2.4

Action                     |  1- 3 |  4- 6 |  7- 9 | 10-12 || total
---------------------------+-------+-------+-------+-------++-------
  Melee: Short sword       |   115 |   180 |   233 |       ||   528
         Punch             |     1 |     1 |     3 |       ||     5
         Rapier            |       |       |    20 |    40 ||    60
   Cast: Kiss of Death     |     3 |     7 |     4 |       ||    14
         Hailstorm         |       |     6 |    39 |    23 ||    68
         Stone Arrow       |       |       |    61 |   136 ||   197
  Evoke: Wand              |       |       |     2 |     4 ||     6
    Use: Scroll            |       |     1 |     8 |     6 ||    15
         Potion            |       |     6 |     6 |     1 ||    13
   Stab: Sleeping          |     2 |     6 |     5 |       ||    13
         Paralysed         |       |       |     6 |       ||     6
 Armour: Leather armour    |    53 |    73 |   125 |   120 ||   371
  Dodge: Dodged            |    74 |   124 |   146 |   147 ||   491
